 Dungeon Crawl Stone Soup version 0.23.2-40-g277498a001 (webtiles) character file.

Game seed: 5249800247270471304

53 FishyPogo the Cutter (level 4, -1/29 HPs)
             Began as a Kobold Berserker on Aug 23, 2019.
             Was a Believer of Trog.
             Killed from afar by Sigmund (6 damage)
             ... with a magic dart
             ... on level 2 of the Dungeon.
             The game lasted 00:05:55 (943 turns).

FishyPogo the Cutter (Kobold Berserker)              Turns: 943, Time: 00:05:56

Health: -1/29      AC:  5    Str: 14    XL:     4   Next: 10%
Magic:  4/4        EV: 16    Int:  8    God:    Trog [**....]
Gold:   105        SH:  0    Dex: 15    Spells: 3/3 levels left

rFire    . . .     SeeInvis +   a - +0 short sword
rCold    . . .     Gourm    .   (shield restricted)
rNeg     . . .     Faith    .   b - +0 animal skin
rPois    .         Spirit   .   (no helmet)
rElec    .         Reflect  .   (no cloak)
rCorr    .         Harm     .   j - +2 pair of gloves
MR       ++...                  (no boots)
Stlth    +.........             (no amulet)
HPRegen  1.09/turn              e - ring of attention (curse)
MPRegen  0.09/turn              i - ring of see invisible

@: berserk cooldown, regenerating, hasted, very quick
A: small, carnivore
a: Berserk, Trog's Hand, Renounce Religion


You were on level 2 of the Dungeon.
You worshipped Trog.
Trog was pleased with you.
You were very full.

You visited 1 branch of the dungeon, and saw 2 of its levels.

You collected 105 gold pieces.

Inventory:

Hand Weapons
 a - a +0 short sword (weapon)
Missiles
 d - 21 stones (quivered)
Armour
 b - a +0 animal skin (worn)
 j - a +2 pair of gloves (worn)
 k - a +3 ring mail
Jewellery
 e - a cursed ring of attention (left hand)
 i - a ring of see invisible (right hand)
Scrolls
 h - a scroll of amnesia {unknown}
 l - 3 scrolls of fog {unknown}
 n - a scroll of identify {unknown}
 o - a scroll of enchant weapon {unknown}
Potions
 g - 2 potions of haste
 m - a potion of curing
Comestibles
 c - 2 rations
 f - 3 chunks of flesh


   Skills:
 * Level 4.0 Fighting
 + Level 4.4 Short Blades
 * Level 1.8 Armour
 + Level 3.3 Dodging
 + Level 1.5 Stealth


You had 3 spell levels left.
You didn't know any spells.
Your spell library was empty.

Dungeon Overview and Level Annotations

Branches:
Dungeon (2/15)

Altars:

Annotations:
D:2 Sigmund


Innate Abilities, Weirdness & Mutations

You are small and have problems with some larger weapons.
You are carnivorous and can eat meat at any time.


Message History

You closely miss Sigmund.
Sigmund is severely wounded.
Sigmund hits you with a +3 scythe of freezing!
* * * LOW HITPOINT WARNING * * *
Sigmund freezes you.
* * * LOW HITPOINT WARNING * * *
You hit Sigmund.
Sigmund is almost dead.
You feel yourself speed up. Sigmund asks, "Do you like me?" Sigmund misses you.
You hit Sigmund but do no damage.
Sigmund is almost dead.
You hit Sigmund but do no damage.
Sigmund is almost dead.
You barely miss Sigmund.
Sigmund is almost dead.
Sigmund casts a spell at you. The magic dart hits you.
You die...

#.# #.........###.÷#
#.# #.##.##.#......#
#.# #......P..P....#
#.#####..#..♣..♣......
#..........♣..♣.♣≈≈..[
#........P..P♣♣≈≈≈≈P.P
##.###......♣.≈≈≈≈≈..♣
#.##..#....♣≈≈♣≈.....
#.#.@@#....P.♣≈......
#..#.####....PP...##.
#.###.# ..####.#####.
##. .#.### #.# #. ..
###.### #. ### #.....#
#. #.....###.
#.........
######.....###.


You could see Sigmund.

Vanquished Creatures
  2 adders (D:2)
  An ooze (D:1)
  A dart slug (D:1)
  A leopard gecko (D:1)
  4 bats (D:1)
  3 goblins (D:1)
  5 hobgoblins
  3 kobolds (D:1)
  A quokka (D:2)
  3 frilled lizards
  4 rats
28 creatures vanquished.

Notes
Turn   | Place    | Note
-------+----------+-------------------------------------------
     0 | D:1      | FishyPogo the Kobold Berserker began the quest for the Orb.
     0 | D:1      | Reached XP level 1. HP: 14/14 MP: 1/1
   126 | D:1      | Reached XP level 2. HP: 14/19 MP: 2/2
   454 | D:1      | Reached XP level 3. HP: 22/23 MP: 3/3
   462 | D:1      | Reached skill level 1 in Stealth
   646 | D:1      | Reached ** piety under Trog
   789 | D:2      | Reached XP level 4. HP: 19/29 MP: 4/4
   894 | D:2      | Noticed Sigmund
   943 | D:2      | Killed from afar by Sigmund

Skill      XL: |  1  2  3 |
---------------+----------+-----
Dodging        | 3 |  3.3
Stealth        | 1 |  1.5
Fighting       | 4 |  4.0
Short Blades   | |  4.4
Armour         | |  1.8

Action                   |  1- 3 |  4- 6 || total
-------------------------+-------+-------++-------
Melee: Short sword       |   110 |    29 ||   139
Throw: Stone             |    21 |       ||    21
Invok: Berserk           |     1 |     1 ||     2
       Trog's Hand       |       |     2 ||     2
  Use: Potion            |       |     3 ||     3
 Stab: Sleeping          |     2 |       ||     2
  Eat: Chunk             |     9 |       ||     9
Armor: Animal skin       |    18 |     1 ||    19
Dodge: Dodged            |    80 |    18 ||    98
